 Dungeon Crawl Stone Soup version 0.15-a0-60-g2d7d1c5 (webtiles) character file.

1781 4tharraofdagon the Basher (level 8, 61/81 HPs)
             Began as a Troll Gladiator on Apr 6, 2014.
             Quit the game on Level 1 of the Abyss.
             The game lasted 00:09:38 (1639 turns).

4tharraofdagon the Basher (Troll Gladiator)         Turns: 1639, Time: 00:09:39

HP  61/81        AC 11     Str 24      XL: 8   Next: 68%
MP   3/3         EV 10     Int  6      God:
Gold 127         SH  0     Dex 10      Spells:  0 memorised,  7 levels left

rFire  . . .     SeeInvis .     v - +0,+1 mace (protect)
rCold  . . .     Clarity  .     b - +0 animal skin
rNeg   . . .     Conserve .     (shield restricted)
rPois  .         rCorr    .     c - +0 hat
rElec  .         rRot     .     x - +0 cloak
SustAb . .       Spirit   .     (gloves unavailable)
rMut   .         Warding  .     (boots unavailable)
Gourm  +         Stasis   .     (no amulet)
MR     .....                    (no ring)
                                (no ring)

@: not resistant to hostile enchantments, unstealthy
A: unfitting armour, claws 3, fast metabolism 3, gourmand, regeneration 2,
saprovore 2, shaggy fur 1, tough skin 2
a: no special abilities


You were on level 1 of the Abyss.
You were full.

You visited 1 branch of the dungeon, and saw 7 of its levels.
You visited the Abyss 1 time.

You collected 127 gold pieces.

Inventory:

Hand weapons
 a - a +0,+0 flail
 k - a -1,-1 mace
 m - a +1 blowgun
 o - a +0,+0 flail
 s - a +0,+0 giant club
 v - a +0,+1 mace of protection (weapon)
 y - a +2,+4 flail of distortion
Missiles
 n - 7 curare-tipped needles
Armour
 b - a +0 animal skin (worn)
 c - a +0 hat (worn)
 x - a +0 cloak (worn)
Magical devices
 q - a wand of confusion (11)
Comestibles
 f - 2 meat rations
 l - a bread ration
Scrolls
 g - a scroll of random uselessness
 h - 2 scrolls of identify
 j - a scroll of remove curse
 p - a scroll of blinking
 r - a scroll of enchant armour
 t - a scroll of noise
Potions
 i - a potion of curing
 w - a potion of porridge


   Skills:
 + Level 5.4 Fighting
 * Level 8.8 Maces & Flails
 - Level 1.7 Throwing
 - Level 2.4 Dodging


You had 7 spell levels left.
You didn't know any spells.

Dungeon Overview and Level Annotations

Branches:
Dungeon (7/15)
 Temple: D:4-7

Altars:


Innate Abilities, Weirdness & Mutations

You are too large for most types of armour.
You have claws for hands.
Your metabolism is lightning-fast.
You like to eat raw meat.
You heal very quickly.
You can eat rotten meat.
You are covered in fur (AC +1).
You have very tough skin (AC +2).


Message History

Unknown command.
Unknown command.
Unknown command.
Unknown command.
Unknown command.
Unknown command.
Unknown command.
Unknown command.
Unknown command.
The smoke demon gestures at you. Something smites you!
The hell hog spits sticky flame at you. The sticky flame misses you.
Unknown command.
Unknown command.
Unknown command.
A large abomination comes into view.
Unknown command.
Unknown command.
Are you sure you want to abandon this character and quit the game? (Confirm with "yes".)

. . #. #. #.# #
### #.. .#..# .
#.X###..# ... #.
#@##.## ....
#..###Xh..#...#
#..###......#
##......###..#
##.#h. ...# ###..
..#....# ..
#..##.#..#.....#
. #
##....#....##..#.
#...3# . .#..#.#


You could see a hell hog and 2 large abominations.

Vanquished Creatures
  A large abomination (Abyss:1)
  An orange demon (Abyss:1)
  A smoke demon (Abyss:1)
  A small abomination (Abyss:1)
  2 ogres
  A yak zombie (D:7)
  A wight (Abyss:1)
  A two-headed ogre zombie (D:7)
  A hound (D:4)
  An orc wizard (D:7)
  An iguana (D:6)
  4 worker ants
  Terence (D:3)
  An ufetubus (Abyss:1)
  An iguana skeleton (D:5)
  A giant gecko (D:5)
  An ooze (D:5)
  11 orcs
  A giant cockroach (D:4)
  A goblin (D:1)
  7 hobgoblins
  8 jackals
  6 kobolds
  5 bats
  4 rats
64 creatures vanquished.

Notes
Turn   | Place    | Note
--------------------------------------------------------------
     0 | D:1      | 4tharraofdagon, the Troll Gladiator, began the quest for the Orb.
     0 | D:1      | Reached XP level 1. HP: 19/19 MP: 1/1
   129 | D:2      | Reached skill level 3 in Maces & Flails
   139 | D:2      | Reached XP level 2. HP: 16/28 MP: 1/1
   250 | D:3      | Noticed Terence
   264 | D:3      | Killed Terence
   264 | D:3      | Reached XP level 3. HP: 33/35 MP: 2/2
   413 | D:4      | Reached skill level 4 in Maces & Flails
   413 | D:4      | Reached XP level 4. HP: 42/42 MP: 2/2
   605 | D:4      | Noticed an ogre
   614 | D:4      | Killed an ogre
   614 | D:4      | Reached XP level 5. HP: 50/50 MP: 2/2
   650 | D:4      | Reached skill level 5 in Maces & Flails
   824 | D:5      | Entered Level 5 of the Dungeon
  1097 | D:6      | Reached XP level 6. HP: 50/61 MP: 3/3
  1110 | D:6      | Noticed an ogre
  1119 | D:6      | Killed an ogre
  1244 | D:7      | Reached skill level 6 in Maces & Flails
  1312 | D:7      | WTF IS THIS
  1358 | D:7      | Cast into the Abyss (a distortion unwield)
  1380 | Abyss:1  | Noticed a large abomination
  1400 | Abyss:1  | Killed a large abomination
  1400 | Abyss:1  | Reached skill level 7 in Maces & Flails
  1400 | Abyss:1  | Reached XP level 7. HP: 31/71 MP: 3/3
  1413 | Abyss:1  | Noticed an orange demon
  1430 | Abyss:1  | Killed an orange demon
  1430 | Abyss:1  | Reached skill level 8 in Maces & Flails
  1430 | Abyss:1  | Reached XP level 8. HP: 55/79 MP: 3/3
  1460 | Abyss:1  | Reached skill level 5 in Fighting
  1466 | Abyss:1  | Noticed a smoke demon
  1470 | Abyss:1  | Found a shimmering altar of Xom.
  1494 | Abyss:1  | Killed a smoke demon
  1594 | Abyss:1  | Noticed a blink frog
  1612 | Abyss:1  | Noticed a large abomination
  1618 | Abyss:1  | Noticed a hell hog
  1624 | Abyss:1  | Noticed a smoke demon
  1637 | Abyss:1  | Noticed a large abomination
  1639 | Abyss:1  | Quit the game

Action                   |  1- 3 |  4- 6 |  7- 9 || total
-------------------------+-------+-------+-------++-------
Melee: Flail             |    74 |    13 |       ||    87
       Mace              |     2 |   110 |    19 ||   131
       Giant club        |       |    34 |       ||    34
 Fire: Blowgun           |       |     3 |       ||     3
Throw: Throwing net      |     1 |     3 |     2 ||     6
Evoke: Wand              |       |     1 |       ||     1
  Use: Potion            |     1 |     1 |     2 ||     4
       Scroll            |     5 |     2 |       ||     7
 Stab: Held in net/web   |     1 |       |       ||     1
